| TOP OF THE 1ST |
|
Great Falls Voyagers batting - Pitching for Burlington Royals : LHP Hyoji Kawabata
|
|
Pitching: LHP Hyoji Kawabata
|
|
|
Batting: RHB Josh Newby
|
0-0: Foul Ball, location: 2F 0-1: Ball 1-1: Bunt missed! 1-2: Ball 2-2: Ball 3-2: Base on Balls
|
|
Batting: RHB Kasey Bland
|
0-0: Ball 1-0: Called Strike 1-1: Ball 2-1: Fielders Choice at 2nd, 6-4 (Groundball, 56, EV 103.1 MPH)
|
|
Batting: RHB Vic Lucatero
|
0-0: Ball Wild Pitch! Kasey Bland to second 1-0: Ball 2-0: Ground out 4-3 (Groundball, 4, EV 103.1 MPH) Kasey Bland to third
|
|
Batting: LHB Carlos Ramirez
|
0-0: Ball 1-0: Ball 2-0: Foul Ball, location: 2F 2-1: SINGLE (Line Drive, 7LS, EV 91.9 MPH) Kasey Bland scores
|
|
Batting: LHB Jose Duran
|
0-0: Ball 1-0: Ball 2-0: Ball 3-0: Called Strike 3-1: Ground out 6-3 (Groundball, 56D, EV 100.0 MPH)
|
| Top of the 1st over - 1 run, 1 hit, 0 errors, 1 left on base; Great Falls 1 - Burlington 0 |
| BOTTOM OF THE 1ST |
|
Burlington Royals batting - Pitching for Great Falls Voyagers : RHP Andy Gibson
|
|
Pitching: RHP Andy Gibson
|
|
|
Batting: RHB Tim Persson
|
0-0: Ground out 1-3 (Groundball, P, EV 65.0 MPH)
|
|
Batting: LHB Ernesto Abreu
|
0-0: Called Strike 0-1: Ball 1-1: Swinging Strike 1-2: Strikes out swinging
|
|
Batting: SHB Manny Berrones
|
0-0: Called Strike 0-1: SINGLE (Line Drive, 9LS, EV 99.4 MPH)
|
|
Batting: SHB Danny Ballenger
|
0-0: Ball 1-0: Ball 2-0: Ball 3-0: Called Strike 3-1: Fielders Choice at 2nd, 6-4 (Groundball, 6, EV 90.0 MPH)
|
| Bottom of the 1st over - 0 runs, 1 hit, 0 errors, 1 left on base; Great Falls 1 - Burlington 0 |
| TOP OF THE 2ND |
|
Great Falls Voyagers batting - Pitching for Burlington Royals : LHP Hyoji Kawabata
|
|
Batting: RHB Tommy Ellington
|
0-0: Ball 1-0: Swinging Strike 1-1: Ball 2-1: Ball 3-1: Base on Balls
|
|
Batting: LHB Josh Pittman
|
0-0: Swinging Strike 0-1: Foul Ball, location: 2F 0-2: Fly out, F9 (Flyball, 9LD, EV 102.5 MPH)
|
|
Batting: RHB Billy Grubbs
|
0-0: Ball 1-0: Ball 2-0: Ball 3-0: Base on Balls Tommy Ellington to second
|
|
Batting: SHB Jose Romo
|
0-0: Ball 1-0: Fly out, F3 (Popup, 3F, EV 73.8 MPH)
|
|
Batting: RHB Josh Newby
|
0-0: Called Strike 0-1: Called Strike Balk! Tommy Ellington to third Billy Grubbs to second 0-2: Ball 1-2: Ball 2-2: SINGLE (Line Drive, 34D, EV 96.9 MPH) Tommy Ellington scores Billy Grubbs to third Runner from 3rd tries for Home, throw by RF and OUT! 9-2
|
| Top of the 2nd over - 1 run, 1 hit, 0 errors, 1 left on base; Great Falls 2 - Burlington 0 |
| BOTTOM OF THE 2ND |
|
Burlington Royals batting - Pitching for Great Falls Voyagers : RHP Andy Gibson
|
|
Batting: LHB Bobby Gonzalez
|
0-0: Called Strike 0-1: Ball 1-1: Called Strike 1-2: Strikes out swinging
|
|
Batting: SHB Marcos Cortez
|
0-0: Ball 1-0: Ball 2-0: Ball 3-0: Base on Balls
|
|
Batting: RHB Rob Ward
|
0-0: Ball 1-0: Foul Ball, location: 2F 1-1: SINGLE (Groundball, 6MD, EV 101.9 MPH) Marcos Cortez to second
|
|
Batting: RHB Shane Bruce
|
0-0: Called Strike 0-1: Ball Wild Pitch! Marcos Cortez to third Rob Ward to second 1-1: Foul Ball, location: 2F 1-2: Foul Ball, location: 2F 1-2: Ball 2-2: Foul Ball, location: 2F 2-2: Ball 3-2: Base on Balls
|
|
Batting: RHB Tom Cone
|
0-0: Ball Passed Ball! Marcos Cortez scores Rob Ward to third Shane Bruce to second 1-0: Ball 2-0: Ball 3-0: Called Strike 3-1: Ground out 3-1 (Groundball, 34, EV 75.6 MPH) Rob Ward scores Shane Bruce to third
|
|
Batting: RHB Tim Persson
|
0-0: Foul Ball, location: 2F 0-1: Called Strike 0-2: Ball 1-2: Foul Ball, location: 2F 1-2: Ball 2-2: Strikes out swinging, 2-3 out at first.
|
| Bottom of the 2nd over - 2 runs, 1 hit, 0 errors, 1 left on base; Great Falls 2 - Burlington 2 |
| TOP OF THE 3RD |
|
Great Falls Voyagers batting - Pitching for Burlington Royals : LHP Hyoji Kawabata
|
|
Batting: RHB Kasey Bland
|
0-0: Ball 1-0: Ground out U3 (Groundball, 34S, EV 82.5 MPH)
|
|
Batting: RHB Vic Lucatero
|
0-0: Ball 1-0: Called Strike 1-1: Ball 2-1: Foul Ball, location: 2F 2-2: Strikes out looking
|
|
Batting: LHB Carlos Ramirez
|
0-0: Called Strike 0-1: Ball 1-1: Swinging Strike 1-2: Ball 2-2: Strikes out swinging
|
| Top of the 3rd over - 0 runs, 0 hits, 0 errors, 0 left on base; Great Falls 2 - Burlington 2 |
| BOTTOM OF THE 3RD |
|
Burlington Royals batting - Pitching for Great Falls Voyagers : RHP Andy Gibson
|
|
Batting: LHB Ernesto Abreu
|
0-0: Called Strike 0-1: Called Strike 0-2: Foul Ball, location: 2F 0-2: Foul Ball, location: 2F 0-2: Foul Ball, location: 2F 0-2: Ball 1-2: Foul Ball, location: 2F 1-2: Ball 2-2: Strikes out swinging, 2-3 out at first.
|
|
Batting: SHB Manny Berrones
|
0-0: Swinging Strike 0-1: Ball 1-1: Ball 2-1: Ball 3-1: Foul Ball, location: 2F 3-2: Strikes out looking
|
|
Batting: SHB Danny Ballenger
|
0-0: Called Strike 0-1: Foul Ball, location: 2F 0-2: Ball 1-2: Ball 2-2: Ball 3-2: Hit by Pitch
|
|
Batting: LHB Bobby Gonzalez
|
0-0: Called Strike 0-1: Called Strike 0-2: Ball 1-2: Strikes out swinging
|
| Bottom of the 3rd over - 0 runs, 0 hits, 0 errors, 1 left on base; Great Falls 2 - Burlington 2 |
| TOP OF THE 4TH |
|
Great Falls Voyagers batting - Pitching for Burlington Royals : LHP Hyoji Kawabata
|
|
Batting: LHB Jose Duran
|
0-0: Ground out 6-3 (Groundball, 6S, EV 89.4 MPH)
|
|
Batting: RHB Tommy Ellington
|
0-0: Ball 1-0: Ball 2-0: Ball 3-0: Base on Balls
|
|
Batting: LHB Josh Pittman
|
0-0: Ball 1-0: Ball 2-0: Ball 3-0: Called Strike 3-1: Base on Balls Tommy Ellington to second
|
|
Batting: RHB Billy Grubbs
|
0-0: Ball 1-0: Called Strike 1-1: Ball 2-1: Foul Ball, location: 2F 2-2: Foul Ball, location: 2F 2-2: Grounds into double play, 6-4-3 (Groundball, 6, EV 102.5 MPH)
|
| Top of the 4th over - 0 runs, 0 hits, 0 errors, 1 left on base; Great Falls 2 - Burlington 2 |
| BOTTOM OF THE 4TH |
|
Burlington Royals batting - Pitching for Great Falls Voyagers : RHP Andy Gibson
|
|
Batting: SHB Marcos Cortez
|
0-0: Ball 1-0: Foul Ball, location: 2F 1-1: Ball 2-1: Ball 3-1: Foul Ball, location: 2F 3-2: Base on Balls
|
|
Batting: RHB Rob Ward
|
0-0: Ball Pickoff Throw by Catcher to First - Out! 1-0: SINGLE (Line Drive, 7S, EV 110.6 MPH)
|
|
Batting: RHB Shane Bruce
|
0-0: Foul Ball, location: 2F 0-1: Ball 1-1: Foul Ball, location: 2F 1-2: Hit by Pitch Rob Ward to second
|
|
Batting: RHB Tom Cone
|
0-0: Bunted foul 0-1: Bunted foul 0-2: Bunt missed, Strikeout!
|
|
Pitching: LHP Evan Boyd
|
|
|
Batting: RHB Tim Persson
|
0-0: Ball 1-0: Swinging Strike 1-1: Called Strike 1-2: Strikes out swinging
|
| Bottom of the 4th over - 0 runs, 1 hit, 0 errors, 2 left on base; Great Falls 2 - Burlington 2 |
| TOP OF THE 5TH |
|
Great Falls Voyagers batting - Pitching for Burlington Royals : LHP Hyoji Kawabata
|
|
Batting: SHB Jose Romo
|
0-0: Ball 1-0: Ball 2-0: Ball 3-0: Called Strike 3-1: Foul Ball, location: 2F 3-2: SINGLE (Line Drive, 6D, EV 98.8 MPH)
|
|
Batting: RHB Josh Newby
|
0-0: Called Strike 0-1: Ball 1-1: Ball 2-1: 2-RUN HOME RUN (Flyball, 7D, EV 100.0 MPH), Distance : 382 ft
|
|
Batting: RHB Kasey Bland
|
0-0: Ball 1-0: Swinging Strike 1-1: Ground out 5-3 (Groundball, 5S, EV 85.6 MPH)
|
|
Batting: RHB Vic Lucatero
|
0-0: Foul Ball, location: 2F 0-1: Ball 1-1: Ball 2-1: Ball 3-1: Called Strike 3-2: Base on Balls
|
|
Batting: LHB Carlos Ramirez
|
0-0: Ball 1-0: Called Strike 1-1: Called Strike 1-2: Ball Vic Lucatero steals 2nd base 2-2: Ball 3-2: Foul Ball, location: 2F 3-2: Fly out, F7 (Flyball, 7LD, EV 108.8 MPH)
|
|
Batting: LHB Jose Duran
|
0-0: Ball 1-0: Foul Ball, location: 2F 1-1: Called Strike 1-2: Ball 2-2: Foul Ball, location: 2F 2-2: Ground out 5-3 (Groundball, 56, EV 101.9 MPH)
|
| Top of the 5th over - 2 runs, 2 hits, 0 errors, 1 left on base; Great Falls 4 - Burlington 2 |
| BOTTOM OF THE 5TH |
|
Burlington Royals batting - Pitching for Great Falls Voyagers : LHP Evan Boyd
|
|
Batting: LHB Ernesto Abreu
|
0-0: Swinging Strike 0-1: Called Strike 0-2: Foul Ball, location: 2F 0-2: Ball 1-2: Ball 2-2: Strikes out swinging
|
|
Batting: SHB Manny Berrones
|
0-0: SINGLE (Groundball, 56D, EV 104.4 MPH)
|
|
Batting: SHB Danny Ballenger
|
0-0: Foul Ball, location: 2F 0-1: Ball 1-1: Foul Ball, location: 2F 1-2: Strikes out looking
|
|
Batting: LHB Bobby Gonzalez
|
0-0: Called Strike 0-1: Ball 1-1: Ball 2-1: Foul Ball, location: 2F 2-2: SINGLE (Groundball, 34D, EV 100.6 MPH) Manny Berrones to second Runner from 2nd tries for 3rd, SAFE, throw by RF made to third
|
|
Batting: SHB Marcos Cortez
|
0-0: 3-RUN HOME RUN (Line Drive, 7D, EV 98.8 MPH), Distance : 374 ft
|
|
Pitching: LHP Jeremy Soliday
|
|
|
Batting: RHB Rob Ward
|
0-0: Foul Ball, location: 2F 0-1: Fly out, F7 (Flyball, 7S, EV 72.5 MPH)
|
| Bottom of the 5th over - 3 runs, 3 hits, 0 errors, 0 left on base; Great Falls 4 - Burlington 5 |
| TOP OF THE 6TH |
|
Great Falls Voyagers batting - Pitching for Burlington Royals : LHP Hyoji Kawabata
|
|
Pitching: RHP Philip Terrell
|
|
|
Batting: RHB Tommy Ellington
|
0-0: Ball 1-0: Swinging Strike 1-1: Ground out 3-1 (Groundball, 34, EV 103.8 MPH)
|
|
Batting: LHB Josh Pittman
|
0-0: Ball 1-0: Called Strike 1-1: Ball 2-1: Foul Ball, location: 2F 2-2: Foul Ball, location: 2F 2-2: Fly out, F8 (Flyball, 8RM, EV 88.1 MPH)
|
|
Batting: RHB Billy Grubbs
|
0-0: Ball 1-0: Foul Ball, location: 2F 1-1: Swinging Strike 1-2: Foul Ball, location: 2F 1-2: Ball 2-2: Ball 3-2: Foul Ball, location: 2F 3-2: Foul Ball, location: 2F 3-2: Foul Ball, location: 2F 3-2: Fly out, F9 (Flyball, 89D, EV 100.6 MPH)
|
| Top of the 6th over - 0 runs, 0 hits, 0 errors, 0 left on base; Great Falls 4 - Burlington 5 |
| BOTTOM OF THE 6TH |
|
Burlington Royals batting - Pitching for Great Falls Voyagers : LHP Jeremy Soliday
|
|
Batting: RHB Shane Bruce
|
0-0: Called Strike 0-1: Called Strike 0-2: Ball 1-2: Fly out, F7 (Flyball, 78D, EV 84.4 MPH)
|
|
Batting: RHB Tom Cone
|
0-0: Called Strike 0-1: Ground out 4-3 (Groundball, 4, EV 90.6 MPH)
|
|
Batting: RHB Tim Persson
|
0-0: Ball 1-0: Fly out, F4 (Popup, 4, EV 79.4 MPH)
|
| Bottom of the 6th over - 0 runs, 0 hits, 0 errors, 0 left on base; Great Falls 4 - Burlington 5 |
| TOP OF THE 7TH |
|
Great Falls Voyagers batting - Pitching for Burlington Royals : RHP Philip Terrell
|
|
Batting: SHB Jose Romo
|
0-0: Fly out, F8 (Flyball, 8RXD, EV 110.6 MPH)
|
|
Batting: RHB Josh Newby
|
0-0: Foul Ball, location: 2F 0-1: Ball 1-1: Foul Ball, location: 2F 1-2: Ball 2-2: Foul Ball, location: 2F 2-2: Ball 3-2: Strikes out swinging
|
|
Batting: RHB Kasey Bland
|
0-0: Called Strike 0-1: Called Strike 0-2: Strikes out swinging
|
| Top of the 7th over - 0 runs, 0 hits, 0 errors, 0 left on base; Great Falls 4 - Burlington 5 |
| BOTTOM OF THE 7TH |
|
Burlington Royals batting - Pitching for Great Falls Voyagers : LHP Jeremy Soliday
|
|
Pitching: RHP Brian Wesolek
|
|
|
Batting: LHB Ernesto Abreu
|
0-0: Foul Ball, location: 2F 0-1: Ball 1-1: Swinging Strike 1-2: Ball 2-2: Foul Ball, location: 2F 2-2: Ball 3-2: Base on Balls
|
|
Batting: SHB Manny Berrones
|
0-0: Reached on error, E3 (Groundball, 34S, EV 91.2 MPH) Ernesto Abreu to third
|
|
Batting: SHB Danny Ballenger
|
0-0: Ball 1-0: Called Strike 1-1: Called Strike 1-2: Foul Ball, location: 2F 1-2: Strikes out swinging
|
|
Batting: LHB Bobby Gonzalez
|
0-0: Ball 1-0: Ball 2-0: Called Strike 2-1: Ball 3-1: Fly out, F7 (Flyball, 7, EV 91.9 MPH) Runner from 3rd tags up, SCORES, no throw by LF
|
|
Batting: SHB Marcos Cortez
|
0-0: Ball 1-0: Called Strike 1-1: Foul Ball, location: 2F 1-2: Ball 2-2: Ball 3-2: Strikes out swinging
|
| Bottom of the 7th over - 1 run, 0 hits, 1 error, 1 left on base; Great Falls 4 - Burlington 6 |
| TOP OF THE 8TH |
|
Great Falls Voyagers batting - Pitching for Burlington Royals : RHP Philip Terrell
|
|
Pitching: RHP Ted Splawn
|
|
|
Batting: RHB Vic Lucatero
|
0-0: Called Strike 0-1: Swinging Strike 0-2: Foul Ball, location: 2F 0-2: Ball 1-2: Ball 2-2: Strikes out looking
|
|
Batting: LHB Carlos Ramirez
|
0-0: Called Strike 0-1: Foul Ball, location: 2F 0-2: Ball 1-2: Ball 2-2: Ball 3-2: Strikes out swinging
|
|
Batting: LHB Jose Duran
|
0-0: Ball 1-0: Ground out 6-3 (Groundball, 6, EV 100.6 MPH)
|
| Top of the 8th over - 0 runs, 0 hits, 0 errors, 0 left on base; Great Falls 4 - Burlington 6 |
| BOTTOM OF THE 8TH |
|
Burlington Royals batting - Pitching for Great Falls Voyagers : RHP Brian Wesolek
|
|
Pitching: LHP Juan Medrano
|
|
|
Batting: RHB Rob Ward
|
0-0: Ball 1-0: Fly out, F8 (Flyball, 8RD, EV 103.8 MPH)
|
|
Batting: RHB Shane Bruce
|
0-0: Called Strike 0-1: Ball 1-1: Ball 2-1: Ball 3-1: Foul Ball, location: 2F 3-2: Foul Ball, location: 2F 3-2: Foul Ball, location: 2F 3-2: Foul Ball, location: 2F 3-2: Strikes out swinging
|
|
Batting: RHB Tom Cone
|
0-0: Reached on error, E2 (Groundball, 15S, EV 75.0 MPH)
|
|
Batting: RHB Tim Persson
|
0-0: Ball 1-0: Ball 2-0: Ball 3-0: Base on Balls Tom Cone to second
|
|
Batting: LHB Ernesto Abreu
|
0-0: Called Strike 0-1: Called Strike 0-2: Ball 1-2: Foul Ball, location: 2F 1-2: Strikes out swinging
|
| Bottom of the 8th over - 0 runs, 0 hits, 1 error, 2 left on base; Great Falls 4 - Burlington 6 |
| TOP OF THE 9TH |
|
Great Falls Voyagers batting - Pitching for Burlington Royals : RHP Ted Splawn
|
|
Batting: RHB Tommy Ellington
|
0-0: Ball 1-0: Foul Ball, location: 2F 1-1: Foul Ball, location: 2F 1-2: Ball 2-2: Foul Ball, location: 2F 2-2: Foul Ball, location: 2F 2-2: Strikes out swinging
|
|
Batting: LHB Josh Pittman
|
0-0: Ball 1-0: Swinging Strike 1-1: DOUBLE (Line Drive, 7LS, EV 95.6 MPH)
|
|
Pinch Hitting: SHB Matt Childers
|
0-0: Ball 1-0: Ball 2-0: Ball 3-0: Base on Balls
|
|
Pinch Runner at 2nd Andy Cotton:
|
|
|
Batting: SHB Jose Romo
|
0-0: Foul Ball, location: 2F 0-1: Called Strike 0-2: Foul Ball, location: 2F 0-2: Strikes out swinging
|
|
Batting: RHB Josh Newby
|
0-0: Ball 1-0: Ball 2-0: Ball 3-0: Called Strike 3-1: Base on Balls Andy Cotton to third Matt Childers to second
|
|
Batting: RHB Kasey Bland
|
0-0: Foul Ball, location: 2F 0-1: Foul Ball, location: 2F 0-2: Ball Wild Pitch! Andy Cotton scores Matt Childers to third Josh Newby to second 1-2: Ball 2-2: Ground out 3-1 (Groundball, 13, EV 90.0 MPH)
|
| Top of the 9th over - 1 run, 1 hit, 0 errors, 2 left on base; Great Falls 5 - Burlington 6 |
|